 Dungeon Crawl Stone Soup version 0.25-a0-578-gc91f01c (webtiles) character file.

Game seed: 13875368830947370059, levelgen mode: deterministic

15337 BlueFish the Carver (level 12, 0/106 HPs)
             Began as a Minotaur Fighter on Mar 7, 2020.
             Was a High Priest of Yredelemnul.
             Killed by divine providence
             ... invoked by an orc priest
              (14 damage)
             ... on level 11 of the Dungeon.
             The game lasted 00:29:54 (9440 turns).

BlueFish the Carver (Minotaur Fighter)              Turns: 9440, Time: 00:29:55

Health: 0/106      AC: 21    Str: 27    XL:     12   Next: 0%
Magic:  16/16      EV:  8    Int:  5    God:    Yredelemnul [*****.]
Gold:   499        SH:  6    Dex: 14    Spells: 11/11 levels left

rFire    . . .     SeeInvis .   a - +1 long sword (freeze)
rCold    . . .     Gourm    .   e - +0 buckler
rNeg     . . .     Faith    .   m - +0 plate armour
rPois    +         Spirit   .   (helmet restricted)
rElec    .         Reflect  .   t - +0 cloak
rCorr    .         Harm     .   p - +1 pair of gloves
MR       .....                  o - +1 pair of boots
Stlth    ..........             H - amulet of regeneration
HPRegen  0.67/turn              D - ring of poison resistance
MPRegen  0.15/turn              h - +5 ring of strength

@: no status effects
A: retaliatory headbutt, horns 2
a: Recall Undead Slaves, Injury Mirror, Animate Dead, Drain Life, Enslave Soul,
Renounce Religion


You were on level 11 of the Dungeon.
You worshipped Yredelemnul.
Yredelemnul was extremely pleased with you.
You were hungry.

You visited 1 branch of the dungeon, and saw 13 of its levels.
You also visited: Sewer.

You collected 859 gold pieces.
You spent 360 gold pieces at shops.

Inventory:

Hand Weapons
 a - a +1 long sword of freezing (weapon)
Armour
 c - a +0 kite shield
 e - a +0 buckler (worn)
 m - a +0 plate armour (worn)
 o - a +1 pair of boots (worn)
 p - a +1 pair of gloves (worn)
 t - a +0 cloak (worn)
Jewellery
 h - a +5 ring of strength (right hand)
 q - an uncursed ring of protection from magic
 r - an uncursed ring of protection from fire
 s - an uncursed ring of flight
 D - a ring of poison resistance (left hand)
 H - an amulet of regeneration (around neck)
 Q - an uncursed ring of resist corrosion {unknown}
 R - a +5 ring of evasion
 U - a cursed amulet of inaccuracy {unknown}
 V - an uncursed ring of ice
 Y - an uncursed ring of ice
Wands
 l - a wand of digging (7)
 N - a wand of disintegration (14)
Scrolls
 b - 5 scrolls of fear
 g - 4 scrolls of teleportation
 i - 7 scrolls of remove curse
 k - a scroll of enchant weapon
 n - 2 scrolls of enchant armour
 y - 2 scrolls of fog
 L - a scroll of amnesia
 M - a scroll of silence
 T - a scroll of magic mapping {unknown}
Potions
 d - 4 potions of might
 j - 5 potions of curing
 v - a potion of berserk rage
 w - 2 potions of stabbing
 x - 5 potions of flight
 A - 4 potions of magic
 B - 3 potions of mutation
 C - 2 potions of cancellation {unknown}
 E - a potion of lignification {unknown}
 F - a potion of haste {unknown}
 G - a potion of resistance {unknown}
Comestibles
 f - 24 rations


   Skills:
 * Level 9.7 Fighting
 * Level 14.1 Long Blades
 * Level 11.2 Armour
 + Level 1.7 Dodging
 * Level 9.1 Shields
 * Level 7.1 Invocations


You had 11 spell levels left.
You didn't know any spells.
Your spell library contained the following spells:

 Spells                   Type           Power        Failure   Level  Hunger
 Animate Skeleton         Necr           N/A          99%         1    ##.....
 Apportation              Tloc           #.....       99%         1    ##.....
 Corona                   Hex            #......      99%         1    ##.....
 Magic Dart               Conj           #...         99%         1    ##.....
 Summon Small Mammal      Summ           #...         99%         1    ##.....
 Blink                    Tloc           N/A          100%        2    ###....
 Call Imp                 Summ           #.......     100%        2    ###....
 Slow                     Hex            #.......     100%        2    ###....
 Conjure Flame            Conj/Fire      #.......     100%        3    ####...
 Mephitic Cloud           Conj/Pois/Air  #.......     100%        3    ####...


Dungeon Overview and Level Annotations

Branches:
Dungeon (13/15)            Temple (0/1) D:7            Lair (0/6) D:10
  Sewer (visited)
    Orc: D:9-12      Vaults: D:13-14

Altars:
Dithmenos
Gozag
Kikubaaqudgha
Okawaru
Qazlal
Ru
Sif Muna
Yredelemnul
Zin
The Shining One

Shops:
D:6 !==   D:13 *


Innate Abilities, Weirdness & Mutations

You reflexively headbutt those who attack you in melee.
You have a pair of horns on your head.


Message History

* * * LOW HITPOINT WARNING * * *
Your surroundings suddenly seem different.
Your orc priest skeleton barely misses the skeletal warrior.
The skeletal warrior hits you but does no damage.
Your orc priest skeleton hits the skeletal warrior but does no damage.
The orc shouts! x2; You hear a shout! x6
A big kobold comes into view. It is wielding a +0 dagger.
An orc comes into view.
You hear a shout! 2 kobolds, 2 orcs and 2 orc priests come into view.
A kobold is quivering 8 poisoned darts.
The orc shouts!
The orc priest shouts! x2; The kobold shouts! x2
You hear a shout!
An orc comes into view. It is wielding a +0 club.
A kobold comes into view. It is wielding a +0 club.
An orc priest comes into view. It is wielding a +0 falchion.
The orc priest invokes the aid of Beogh against you.
Beogh smites you!
You die...
Your body rises from the dead as a mindless zombie.

############
#..........#
#..........#
#..........#
...##########..........#
#.....@.z..Z..........#
####..######...........
#.. #......)...# o8..
#######.####


ooo.. #[# Kooo8.# #.## .Koo#. #..# oKKo#. #####.## #......# You could see a
skeletal warrior, a big kobold, 3 orc priests, 8 orcs, 3 kobolds and a friendly
orc priest skeleton.

Vanquished Creatures
  Nessos (D:12)
  Harold (D:8)
  2 two-headed ogres
  2 skeletal warriors (D:11)
  A cyclops (D:10)
  Maggie (D:6)
  2 trolls
  2 hippogriffs
  A shadow (D:8)
  13 yaks
  A basilisk (D:11)
  A wyvern (D:11)
  3 hogs (D:7)
  A human (D:7)
  A vampire mosquito (D:11)
  A hungry ghost (D:7)
  Edmund (D:5)
  2 water moccasins
  An orc warrior (D:10)
  3 ice beasts
  3 black bears
  2 necrophages
  4 sky beasts
  4 ogres
  2 phantoms
  4 centaurs
  A crocodile (D:13)
  7 bullfrogs
  2 big kobolds (Sewer)
  A wyvern skeleton (D:8)
  A scorpion (D:8)
  3 killer bees (D:9)
  11 wights
  2 centaur zombies
  3 crimson imps
  2 jellies
  A bullfrog zombie (D:6)
  A bullfrog skeleton (D:5)
  A hound (D:6)
  4 orc priests
  5 iguanas
  6 orc wizards
  8 worker ants
  A hound zombie (D:8)
  4 worker ant zombies
  13 gnolls
  2 howler monkey skeletons
  9 adders
  A river rat (Sewer)
  3 shadow imps
  8 oozes
  An adder skeleton (D:9)
  6 worms
  3 dart slugs
  7 leopard geckos
  37 orcs
  3 ball pythons (Sewer)
  2 bat zombies (D:3)
  5 giant cockroaches
  12 goblins
  8 hobgoblins
  A jackal (D:6)
  4 quokkas
  6 bats
  7 frilled lizards
  12 kobolds
  13 rats
  A spectral orc (D:2)
288 creatures vanquished.

Vanquished Creatures (collateral kills)
  Fannar (D:11)
  An unseen horror (D:11)
  A centaur zombie (D:10)
  2 yaks (D:9)
  An orc warrior (D:6)
  2 centaurs
  A bullfrog (D:11)
  A gnoll sergeant (D:8)
  A wight (D:10)
  A crimson imp (D:9)
  A hound (D:11)
  A centaur skeleton (D:9)
  A worker ant (D:10)
  A gnoll (D:8)
  An adder (D:8)
  A leopard gecko (D:6)
  7 orcs
25 creatures vanquished.

Vanquished Creatures (others)
  A wraith (D:11)
  An elf skeleton (D:11)
  2 wights (D:11)
  A black bear zombie (D:11)
  A bullfrog zombie (D:11)
  A basilisk zombie (D:11)
  2 bullfrog skeletons
  A sky beast zombie (D:11)
  A hound zombie (D:11)
  An ogre skeleton (D:6)
  An adder zombie (D:11)
  A quokka (D:11)
  A jackal skeleton (D:6)
  2 orc skeletons
  3 orc zombies
20 creatures vanquished.

Grand Total: 333 creatures vanquished

Notes
Turn   | Place    | Note
-------+----------+-------------------------------------------
     0 | D:1      | BlueFish the Minotaur Fighter began the quest for the Orb.
     0 | D:1      | Reached XP level 1. HP: 19/19 MP: 0/0
   188 | D:1      | Reached XP level 2. HP: 24/27 MP: 1/1
   511 | D:1      | Reached XP level 3. HP: 32/33 MP: 2/2
   557 | D:1      | Reached skill level 3 in Long Blades
   772 | D:2      | Reached XP level 4. HP: 9/41 MP: 3/3
  1079 | D:2      | Found a stormy altar of Qazlal.
  1158 | D:2      | Reached skill level 4 in Long Blades
  1165 | D:2      | Found a basalt altar of Yredelemnul.
  1173 | D:2      | Became a worshipper of Yredelemnul the Dark
  1416 | D:2      | Found a shimmering blue altar of Sif Muna.
  1579 | D:2      | Found a glowing silver altar of Zin.
  1952 | D:3      | Found an iron altar of Okawaru.
  2270 | D:3      | Reached XP level 5. HP: 47/47 MP: 4/4
  2322 | D:3      | Found an ancient bone altar of Kikubaaqudgha.
  2570 | D:4      | Reached skill level 5 in Long Blades
  2608 | D:4      | Reached skill level 5 in Armour
  2610 | D:4      | Reached * piety under Yredelemnul
  2672 | D:4      | Found a glowing golden altar of the Shining One.
  2753 | D:4      | Noticed an ogre
  2759 | D:4      | Killed an ogre
  2759 | D:4      | Reached skill level 1 in Invocations
  2759 | D:4      | Reached XP level 6. HP: 47/55 MP: 5/5
  2993 | D:5      | Entered Level 5 of the Dungeon
  3032 | D:5      | Found an opulent altar of Gozag.
  3207 | D:5      | Reached skill level 5 in Fighting
  3207 | D:5      | Reached skill level 6 in Long Blades
  3220 | D:5      | Noticed Edmund
  3232 | D:5      | Killed Edmund
  3232 | D:5      | Reached XP level 7. HP: 61/61 MP: 7/7
  4115 | D:6      | Noticed Maggie
  4127 | D:6      | Killed Maggie
  4127 | D:6      | Reached skill level 7 in Long Blades
  4127 | D:6      | Reached skill level 5 in Shields
  4143 | D:6      | Reached XP level 8. HP: 64/68 MP: 8/8
  4192 | D:6      | Found Noat's Jewellery Shop.
  4290 | D:6      | Reached skill level 8 in Long Blades
  4361 | D:7      | Noticed a hippogriff
  4373 | D:6      | Killed a hippogriff
  4447 | D:6      | Reached skill level 9 in Long Blades
  4516 | D:6      | Reached ** piety under Yredelemnul
  4527 | D:6      | Noticed a two-headed ogre
  4542 | D:6      | Killed a two-headed ogre
  4542 | D:6      | Reached skill level 10 in Long Blades
  4542 | D:6      | Reached skill level 1 in Dodging
  4542 | D:6      | Reached XP level 9. HP: 50/75 MP: 10/10
  4650 | D:6      | Found a glowing drain.
  4662 | Sewer    | Entered a sewer
  5413 | D:6      | Found Riamot's Jewellery Emporium.
  5565 | D:6      | Found Boewer's Distillery.
  5795 | D:7      | Got a bone hand axe
  5813 | D:7      | Found a staircase to the Ecumenical Temple.
  5898 | D:7      | Reached *** piety under Yredelemnul
  5898 | D:7      | Reached skill level 11 in Long Blades
  5898 | D:7      | Reached skill level 5 in Invocations
  6293 | D:6      | Bought an uncursed amulet of regeneration for 360 gold
                  | pieces
  6500 | D:8      | Reached XP level 10. HP: 84/84 MP: 12/12
  6508 | D:8      | Found a glowing golden altar of the Shining One.
  6841 | D:8      | Found a shadowy altar of Dithmenos.
  7109 | D:9      | Noticed Harold
  7128 | D:8      | Killed Harold
  7128 | D:8      | Reached skill level 12 in Long Blades
  7242 | D:9      | Received a gift from Yredelemnul (a wight)
  7323 | D:9      | Reached **** piety under Yredelemnul
  7401 | D:9      | Found a sacrificial altar of Ru.
  7446 | D:9      | Reached skill level 10 in Armour
  7451 | D:9      | Received a gift from Yredelemnul (a wight)
  7750 | D:10     | Entered Level 10 of the Dungeon
  7903 | D:10     | You fall into a shaft and drop 3 floors!
  7916 | D:13     | Reached ***** piety under Yredelemnul
  7916 | D:13     | Reached XP level 11. HP: 89/94 MP: 14/14
  8043 | D:13     | Found Kyopp's General Store.
  8077 | D:12     | Noticed Nessos
  8136 | D:12     | Killed Nessos
  8136 | D:12     | Reached skill level 13 in Long Blades
  8508 | D:10     | Found a staircase to the Lair.
  8657 | D:10     | Received a gift from Yredelemnul (a wraith)
  8993 | D:11     | Noticed Fannar
  9014 | D:11     | Killed Fannar
  9183 | D:11     | Killed an unseen horror
  9223 | D:11     | Noticed a two-headed ogre
  9239 | D:11     | Killed a two-headed ogre
  9239 | D:11     | Reached skill level 14 in Long Blades
  9267 | D:11     | Noticed a skeletal warrior
  9267 | D:11     | Noticed a skeletal warrior
  9267 | D:11     | Noticed a skeletal warrior
  9268 | D:11     | Noticed a skeletal warrior
  9268 | D:11     | Noticed a skeletal warrior
  9275 | D:11     | Killed a skeletal warrior
  9290 | D:11     | Your ally Fannar died
  9405 | D:11     | Killed a skeletal warrior
  9405 | D:11     | Reached XP level 12. HP: 102/106 MP: 16/16
  9420 | D:11     | HP: 3/106 [skeletal warrior/+0 short sword (13)]
  9425 | D:11     | HP: 4/106 [skeletal warrior/+0 short sword (3)]
  9440 | D:11     | Killed from afar by an orc priest

Levels and vault maps discovered:
D:1:      tarquinn_simple_flora_water_b, layout_basic, minmay_heptomino_l4
D:2:      layout_rooms, overflow_temple_1_default, marbit_many_paths,
          nicolae_overflow_crystal_walls, yredelemnul_forgotten_temple_becter
D:3:      layout_loops_corners, lemuel_zombie_altar_kikubaaqudgha,
          lemuel_coloured_pillars_altar, first_ration
D:4:      layout_rooms, st_stairs_12, lemuel_tele_altar
D:5:      layout_layer_cave, nicolae_gozag_cash_rules_everything_around_me,
          uniq_edmund
D:6:      minmay_angry_zag, layout_cave_pods, portal_sewer_entry_f,
          serial_shops, nicolae_shop_crystal, shop_coins,
          nicolae_shop_waterfront, st_stairs_11, uniq_maggie
D:7:      layout_rooms, minmay_temple_entry_crystal_x, grunt_livestock
D:8:      layout_rooms, old_standard_altar, nicolae_dithmenos_the_darkroom,
          chequers_serial_rivers_micro_e, grunt_tough_drop
D:9:      layout_rooms, nicolae_ru_the_path_less_chosen, uniq_harold
D:10:     layout_basic, lair_entry_dummy, special_room [special_room_orc]
D:11:     layout_roguey, david_orc_5, special_room [special_room_bee],
          serial_shops, kennysheep_little_box, uniq_fannar
D:12:     layout_long_grid, uniq_jorgrun, uniq_nessos
D:13:     layout_basic, david_vaults_4, serial_shops, shop, chequers_jeans,
          corexii_checkpoint_a, evilmike_ruin_ashenzari

Skill      XL: |  1  2  3  4  5  6  7  8  9 10 11 |
---------------+----------------------------------+-----
Armour         | 4 5 6 7 9 10 11 | 11.2
Fighting       | 4 5 6 8 9 |  9.7
Long Blades    | 3 4 5 6 7 10 11 12 14 | 14.1
Invocations    | 1 2 3 5 7 |  7.1
Shields        | 4 5 6 7 9 |  9.1
Dodging        | 1 |  1.7

Action                   |  1- 3 |  4- 6 |  7- 9 | 10-12 || total
-------------------------+-------+-------+-------+-------++-------
Melee: Long sword        |    58 |   109 |   298 |   481 ||   946
       Headbutt          |     9 |    25 |    71 |   146 ||   251
       Unarmed           |       |       |       |    14 ||    14
Invok: Animate Remains   |       |       |    22 |       ||    22
       Animate Dead      |       |       |     1 |    21 ||    22
       Recall Undead Sla |       |       |       |     3 ||     3
  Use: Scroll            |     7 |     2 |     5 |     6 ||    20
       Potion            |       |       |       |     3 ||     3
 Stab: Distracted        |       |       |     2 |     3 ||     5
  Eat: Chunk             |       |     7 |    22 |    18 ||    47
Armor: Scale mail        |    34 |    26 |       |       ||    60
       Plate armour      |       |    35 |   169 |   270 ||   474
       Skin              |       |       |       |     3 ||     3
Dodge: Dodged            |    40 |    51 |    86 |   180 ||   357
Block: Buckler           |       |     8 |    42 |   143 ||   193
       Rpst.: Long sword |    12 |    17 |    21 |    44 ||    94

Table legend:
 A = Non-vault XP
 B = Vault XP
 C = Vault XP percentage of total XP
 D = Non-vault monster count
 E = Vault monster count
 F = Vault count percentage of total count
                 A         B        C        D         E       F
            +---------+---------+-------+---------+---------+-------
      Total |   15624 |    6287 |  28.7 |     222 |      91 |  29.1
            +---------+---------+-------+---------+---------+-------
        D:1 |      46 |       6 |  11.5 |      25 |       3 |  10.7
        D:2 |     118 |       3 |   2.5 |      27 |       2 |   6.9
        D:3 |      23 |       4 |  14.8 |       9 |       2 |  18.2
        D:4 |     309 |       4 |   1.3 |       9 |       1 |  10.0
        D:5 |     324 |     154 |  32.2 |      11 |       1 |   8.3
        D:6 |    1756 |     922 |  34.4 |      22 |      15 |  40.5
        D:7 |     219 |     962 |  81.5 |       5 |       5 |  50.0
        D:8 |    1747 |    1362 |  43.8 |      32 |       6 |  15.8
        D:9 |    2167 |       0 |   0.0 |      30 |       0 |   0.0
       D:10 |    3524 |     354 |   9.1 |      21 |      24 |  53.3
       D:11 |    4523 |     817 |  15.3 |      20 |       1 |   4.8
       D:12 |     122 |    1380 |  91.9 |       5 |       1 |  16.7
       D:13 |     746 |       4 |   0.5 |       6 |       2 |  25.0
      Sewer |       0 |     315 | 100.0 |       0 |      28 | 100.0
            +---------+---------+-------+---------+---------+-------
